 Dungeon Crawl Stone Soup version 0.28.0-62-gf88900778d (webtiles) character file.

Game seed: 15402430246056018473

126476 jjjjhere the Demolition Troll (level 16, -7/174 HPs)
             Began as a Troll Brigand on June 29, 2023.
             Was an Elder of Makhleb.
             Mangled by an eight-headed hydra (13 damage)
             ... on level 2 of the Swamp on July 14, 2023.
             The game lasted 00:52:02 (22940 turns).

jjjjhere the Demolition Troll (Troll Brigand)      Turns: 22940, Time: 00:52:02

Health: -7/174     AC: 14    Str: 29    XL:     16   Next: 43%
Magic:  27/27      EV:  8    Int:  7    God:    Makhleb [****..]
Gold:   2678       SH: 10    Dex: 11    Spells: 15/15 levels left

rFire   . . .      SeeInvis +     - Unarmed
rCold   . . .      Faith    .   T - +0 kite shield
rNeg    . . .      Spirit   .   s - +3 troll leather armour {Snorg}
rPois   .          Reflect  .   N - +1 hat {SInv}
rElec   .          Harm     .   y - +2 cloak
rCorr   .          Rampage  .   (gloves unavailable)
Will    ++...                   (boots unavailable)
Stlth   ++........              m - amulet of regeneration
HPRegen 2.79/turn               i - ring of flight
MPRegen 0.20/turn               L - ring of willpower

@: flying
A: large, unfitting armour, claws 3, regeneration 1, shaggy fur 1, tough skin 1
a: Renounce Religion, Minor Destruction, Lesser Servant of Makhleb, Major
Destruction


You were on level 2 of the Swamp.
You worshipped Makhleb.
Makhleb was greatly pleased with you.
You visited 4 branches of the dungeon, and saw 25 of its levels.
You visited the Abyss 1 time.
You also visited: Bailey.

You collected 2720 gold pieces.
You spent 42 gold pieces at shops.

Inventory:

Missiles
 d - 40 poisoned darts
 e - 8 curare-tipped darts
 f - 2 silver boomerangs (quivered)
 V - 5 javelins
Armour
 b - +0 swamp dragon scales
 s - a +3 troll leather armour (worn) {Snorg}
 y - a +2 cloak (worn)
 N - a +1 hat of see invisible (worn)
 T - a +0 kite shield (worn)
Jewellery
 i - a ring of flight (left claw)
 m - an amulet of regeneration (around neck)
 t - a ring of ice
 E - a ring of wizardry
 I - a +6 ring of intelligence
 L - a ring of willpower (right claw)
 M - an amulet of reflection
Wands
 a - a wand of polymorph (5)
 k - a wand of acid (9)
 n - a wand of flame (32)
 D - a wand of iceblast (7)
 J - a wand of paralysis (3)
 S - a wand of charming (12)
Scrolls
 g - 7 scrolls of teleportation
 h - a scroll of amnesia
 r - a scroll of blinking
 u - 2 scrolls of fog
 v - 8 scrolls of enchant weapon
 x - 3 scrolls of fear
 B - a scroll of magic mapping
 O - a scroll of silence
Potions
 j - 4 potions of ambrosia
 l - 10 potions of curing
 o - 8 potions of flight
 p - 5 potions of magic
 q - 4 potions of lignification
 w - 2 potions of heal wounds
 z - 3 potions of brilliance
 A - 3 potions of attraction
 C - 2 potions of cancellation {unknown}
 F - 3 potions of resistance
 G - a potion of invisibility
 K - a potion of might {unknown}
 P - 3 potions of mutation {unknown}
 R - a potion of berserk rage {unknown}
Miscellaneous
 H - a lightning rod (4/4)


   Skills:
 + Level 14.3 Fighting
 - Level 1.5 Short Blades
 - Level 1.8 Throwing
 - Level 5.2 Armour
 - Level 0.7 Dodging
 - Level 2.1 Stealth
 * Level 8.8 Shields
 - Level 14.0 Unarmed Combat
 - Level 16.0 Invocations


You had 15 spell levels left.
You didn't know any spells.
Your spell library contained the following spells:

 Spells                   Type           Power      Damage    Failure   Level
 Foxfire                  Conj/Fire      0%         2x1d4     69%         1
 Freeze                   Ice            0%         1d3       69%         1
 Sting                    Tmut/Pois      0%         1d3       69%         1
 Corpse Rot               Necr/Air       0%         N/A       83%         2
 Passwall                 Tmut/Erth      0%         N/A       83%         2
 Poisonous Vapours        Pois/Air       0%         N/A       83%         2
 Static Discharge         Conj/Air       0%         N/A       83%         2
 Conjure Flame            Conj/Fire      0%         6-21      96%         3
 Frozen Ramparts          Ice            0%         1d2       96%         3
 Inner Flame              Hex/Fire       0%         N/A       96%         3
 Stone Arrow              Conj/Erth      0%         3d7       96%         3
 Tukima's Dance           Hex            0%         N/A       96%         3
 Anguish                  Hex/Necr       0%         N/A       100%        4
 Animate Armour           Summ/Erth      0%         N/A       100%        4
 Dispel Undead            Necr           0%         3d6       100%        4
 Flame Wave               Conj/Fire      0%         2d4       100%        4
 Hailstorm                Conj/Ice       0%         3d3       100%        4
 Leda's Liquefaction      Hex/Erth       0%         N/A       100%        4
 Olgreb's Toxic Radiance  Pois           0%         N/A       100%        4
 Sticky Flame             Conj/Fire      0%         2d3       100%        4
 Lightning Bolt           Conj/Air       0%         1d11      100%        5
 Summon Forest            Summ/Tloc      0%         N/A       100%        5
 Summon Mana Viper        Hex/Summ       0%         N/A       100%        5
 Summon Cactus Giant      Summ           0%         N/A       100%        6
 Enfeeble                 Hex            0%         N/A       100%        7
 Ozocubu's Refrigeration  Ice            0%         4d5       100%        7
 Borgnjor's Revivificati  Necr           0%         N/A       100%        8
 Lehudib's Crystal Spear  Conj/Erth      0%         10d2      100%        8
 Maxwell's Capacitive Co  Air            0%         ∞         100%        8
 Necromutation            Tmut/Necr      0%         N/A       100%        8
 Death's Door             Necr           0%         N/A       100%        9


Dungeon Overview and Level Annotations

Branches:
Dungeon (14/15)            Temple (0/1) D:7            Lair (6/6) D:8
  Swamp (3/4) Lair:4       Spider (0/4) Lair:3        Slime (0/5) Lair:5
    Orc (2/2) D:9             Elf (0/3) Orc:2        Vaults (0/5) D:13
 Bailey (visited)

Altars:
Ashenzari
Cheibriados
Dithmenos
Hepliaklqana
Kikubaaqudgha
Makhleb
Wu Jian
Yredelemnul
Beogh
Lugonu

Shops:
D:2 !   D:3 !   D:8 *   Orc:2 (=:=

Portals:
Abyss: Lair:6

Annotations:
D:4 3 runed translucent doors, nerdsy's ghost, amateur GnAM
D:5 2 transporters, fleet's ghost, novice KoGl
D:6 3 runed translucent doors, cbfl8's ghost, novice SpCj
D:7 2 transporters, bronco's ghost, novice HOFi
D:9 2 runed translucent doors
D:12 2 transporters, exclusion: oklob plant, Coron's ghost, journeyman DDEE
Lair:3 2 transporters, Axiwiats's ghost, journeyman MiBe
Lair:4 4 transporters, Yngauck's ghost, journeyman OpBe


Innate Abilities, Weirdness & Mutations

You are too large for most types of armour.
You have claws for hands.
Your natural rate of healing is unusually fast.
You are covered in fur. (AC +1)
You have tough skin. (AC +1)


Message History

You block the seven-headed hydra's attack. x2
The seven-headed hydra bites you but does no damage.
The seven-headed hydra bites you!
* * * LOW HITPOINT WARNING * * *
The seven-headed hydra bites you but does no damage.
You fly upwards.
There is a stone staircase leading down here.
Unknown command.
Roots burst forth from the earth!
The grasping roots grab you! The grasping roots constrict you!
* * * LOW HITPOINT WARNING * * *
You escape the roots' grasp.
There is a stone staircase leading down here.
An eight-headed hydra comes into view.
The eight-headed hydra roars!
The seven-headed hydra bites you but does no damage.
The seven-headed hydra bites you!
* * * LOW HITPOINT WARNING * * *
You block the seven-headed hydra's attack.
The seven-headed hydra closely misses you.
The seven-headed hydra bites you!
* * * LOW HITPOINT WARNING * * *
The seven-headed hydra bites you.
* * * LOW HITPOINT WARNING * * *
The seven-headed hydra bites you!
* * * LOW HITPOINT WARNING * * *
There is a stone staircase leading up here.
The eight-headed hydra misses you.
You block the eight-headed hydra's attack.
The eight-headed hydra bites you but does no damage.
The eight-headed hydra bites you!
* * * LOW HITPOINT WARNING * * *
The eight-headed hydra bites you!
* * * LOW HITPOINT WARNING * * *
You block the eight-headed hydra's attack.
The eight-headed hydra bites you!
* * * LOW HITPOINT WARNING * * *
The eight-headed hydra bites you!
You die...

♣♣♣♣♣♣♣♣♣♣♣♣♣♣♣♣
♣≈≈.♣♣...>≈♣....
♣♣.≈f.≈>≈≈..≈≈≈≈≈
♣♣..≈.≈♣≈≈≈..≈≈≈≈§
♣♣♣.....≈♣≈..♣♣....≈
♣♣≈.@≈≈≈..≈≈≈≈≈§≈.§≈≈≈≈≈≈.
♣.≈≈≈....♣♣###♣#♣#♣♣#♣.
♣.≈≈.≈.≈.♣♣♣.♣♣♣.......
♣.≈≈.≈...♣♣...♣♣.♣♣♣♣♣.
♣.†≈....≈♣.....≈.♣ ♣.


You could see a shambling mangrove, an eight-headed hydra and a seven-headed
hydra.

Vanquished Creatures
  A tentacled monstrosity (Swamp:2)
  Rupert (D:12)
  Kirke (Swamp:1)
  Agnes (D:14)
  A thorn hunter (Swamp:2)
  A fenstrider witch (Swamp:1)
  3 ghouls
  4 eleionomae
  3 bunyips (Swamp:2)
  Snorg (D:10)
  Josephine (Lair:4)
  Fannar (D:10)
  An ice dragon (D:13)
  Erolcha (Orc:1)
  9 hydras
  3 boulder beetles
  A ghost crab (Swamp:2)
  A spriggan air mage (Swamp:2)
  6 death yaks (Lair:4)
  2 two-headed ogres
  2 catoblepae
  11 alligators
  2 centaur warriors (D:13)
  9 orc high priests (Orc:2)
  3 thrashing horrors (Lair:6)
  Nergalle (D:10)
  An iron troll (D:13)
  A shadow wraith (D:13)
  4 swamp dragons (Swamp:2)
  2 goliath frogs
  2 spriggan druids
  9 bog bodies
  An orc knight (Orc:2)
  2 ugly things
  A wolf spider (shapeshifter) (Lair:6)
  2 orc sorcerers
  An oklob plant (D:11)
  A will-o-the-wisp (Lair:4)
  A cyclops (Orc:2)
  11 elephants
  A gargoyle (D:12)
  A black mamba (shapeshifter) (Lair:6)
  4 black mambas
  A smoke demon (Lair:6)
  6 cane toads
  A kobold demonologist (D:10)
  An unseen horror (D:11)
  7 komodo dragons
  3 rime drakes
  An ancient zyme (Lair:6)
  4 tyrant leeches
  7 hornets
  5 trolls
  2 polar bears (Lair:6)
  A meliai (Lair:2)
  13 blink frogs
  20 dream sheep (Lair:6)
  5 slime creatures
  Sigmund (D:4)
  2 shadows
  10 spriggans
  A vampire (D:11)
  9 wraiths
  2 ynoxinuls
  36 yaks
  2 large abominations (Lair:6)
  4 wyverns
  7 basilisks
  A chaos spawn (Lair:6)
  7 vampire mosquitoes
  Menkaure (D:4)
  A steam dragon (Bailey)
  7 swamp worms
  An acid dragon (D:9)
  6 small abominations (Lair:6)
  6 wargs
  Duvessa (D:4)
  Edmund (D:5)
  3 swamp drakes (Swamp:2)
  17 water moccasins
  14 orc warriors
  3 ice beasts
  2 black bears
  11 ogres
  19 wolves
  13 centaurs
  12 bullfrogs
  2 gnoll sergeants
  2 scorpions
  Dowan (D:4)
  An oklob sapling (D:11)
  8 killer bees
  3 wights (D:8)
  An electric eel (Lair:4)
  A howler monkey (D:12)
  A lava snake (D:8)
  9 jellies
  30 orc priests
  4 hounds
  3 centaur skeletons
  4 centaur zombies
  Ijyb (D:3)
  An iguana (D:5)
  18 orc wizards
  A scorpion zombie (D:5)
  2 hound skeletons
  15 adders
  8 gnolls
  A white imp (D:8)
  An adder zombie (D:5)
  A worm (D:2)
  74 orcs
  16 ball pythons
  7 endoplasms
  7 giant cockroaches
  13 goblins
  7 hobgoblins
  2 jackals (D:4)
  2 quokkas
  5 bats
  A frilled lizard (D:3)
  3 kobolds
  7 rats
  A briar patch (Swamp:2)
657 creatures vanquished.

Vanquished Creatures (collateral kills)
  Gastronok (D:12)
  9 hydras
  A boulder beetle (D:12)
  2 alligators (Swamp:1)
  3 two-headed ogres
  Sonja (Orc:2)
  A bog body (Lair:4)
  A swamp dragon (Swamp:2)
  2 ugly things
  A black mamba (Lair:6)
  Joseph (D:10)
  A cane toad (Lair:2)
  A rime drake (Lair:6)
  A troll (D:12)
  A hornet (Swamp:1)
  3 blink frogs (Lair:6)
  A shadow (D:12)
  2 hogs (Swamp:1)
  2 spriggans
  A ynoxinul (Lair:6)
  5 basilisks
  2 wraiths (D:12)
  8 yaks
  A wyvern (Lair:6)
  A vampire mosquito (D:11)
  2 swamp worms
  4 water moccasins
  A swamp drake (Swamp:1)
  2 orc warriors (Orc:2)
  A black bear (Lair:2)
  4 ogres (Bailey)
  A centaur (D:13)
  4 wolves
  2 small abominations (Lair:6)
  3 howler monkeys (D:12)
  3 orc priests (Orc:2)
  11 orcs
91 creatures vanquished.

Vanquished Creatures (others)
  An alligator (Swamp:2)
  A swamp dragon (Swamp:2)
  5 bloated husks
  A tyrant leech (Swamp:2)
  A human (Swamp:1)
  A swamp worm (Swamp:1)
  A swamp drake (Swamp:1)
  An orc wizard (Orc:1)
  6 foxfires
  43 fungi
  135 plants
196 creatures vanquished.

Grand Total: 944 creatures vanquished

Notes
Turn   | Place    | Note
-------+----------+-------------------------------------------
     0 | D:1      | jjjjhere the Troll Brigand began the quest for the Orb.
     0 | D:1      | Reached XP level 1. HP: 19/19 MP: 0/0
   146 | D:1      | Found a faded altar of an unknown god.
   162 | D:1      | Reached skill level 1 in Unarmed Combat
   193 | D:1      | Reached XP level 2. HP: 27/27 MP: 1/1
   808 | D:2      | Reached XP level 3. HP: 29/33 MP: 2/2
  1145 | D:2      | Reached XP level 4. HP: 40/41 MP: 3/3
  1262 | D:2      | Found Douc's Distillery.
  1281 | D:2      | Bought a potion of curing for 42 gold pieces
  1397 | D:3      | Noticed Ijyb
  1414 | D:3      | Killed Ijyb
  1798 | D:3      | Reached XP level 5. HP: 46/48 MP: 4/4
  1896 | D:3      | Found a broken altar of Ashenzari.
  2148 | D:3      | Reached skill level 5 in Unarmed Combat
  2598 | D:3      | Found a burning altar of Makhleb.
  2613 | D:3      | Became a worshipper of Makhleb the Destroyer
  2840 | D:4      | Reached XP level 6. HP: 55/55 MP: 5/5
  2918 | D:4      | Found a snail-covered altar of Cheibriados.
  2922 | D:4      | Found a runed translucent gate.
  2923 | D:4      | Found a runed translucent gate.
  2924 | D:4      | Found a runed translucent gate.
  2929 | D:4      | Noticed Menkaure
  2950 | D:4      | Killed Menkaure
  3091 | D:4      | HP: 14/55 [gnoll sergeant/+2 trident of freezing (7)]
  3100 | D:3      | HP: 17/55 [gnoll/+0 whip (3)]
  3186 | D:4      | Reached * piety under Makhleb
  3190 | D:4      | HP: 14/55 [gnoll sergeant/+2 trident of freezing (5)]
  3247 | D:4      | Reached XP level 7. HP: 39/62 MP: 6/6
  3352 | D:4      | Noticed Duvessa
  3354 | D:4      | Noticed Dowan
  3361 | D:4      | Killed Duvessa
  3370 | D:4      | Killed Dowan
  3375 | D:4      | Noticed Sigmund
  3404 | D:4      | Killed Sigmund
  3628 | D:4      | Reached XP level 8. HP: 40/70 MP: 7/7
  3665 | D:4      | Noticed nerdsy's ghost (amateur GnAM)
  3684 | D:5      | Entered Level 5 of the Dungeon
  3758 | D:5      | Noticed Edmund
  3812 | D:5      | Killed Edmund
  3820 | D:5      | Reached skill level 10 in Unarmed Combat
  3883 | D:5      | Reached ** piety under Makhleb
  3990 | D:5      | Found a transporter.
  4012 | D:5      | Noticed fleet's ghost (novice KoGl)
  4023 | D:5      | Identified the +6 spear of Devut {venom, rF- Int+5}
  4023 | D:5      | Identified the +0 scale mail "Jaocsok" {rN+}
  4035 | D:5      | Found a transporter.
  4046 | D:5      | Found an ornate altar of the Wu Jian Council.
  4849 | D:6      | Reached XP level 9. HP: 73/76 MP: 8/8
  4936 | D:6      | Found a runed translucent gate.
  4936 | D:6      | Found a runed translucent gate.
  4936 | D:6      | Found a runed translucent gate.
  4936 | D:6      | Noticed cbfl8's ghost (novice SpCj)
  4937 | D:6      | Noticed an eight-headed hydra
  5085 | D:6      | Found a basalt altar of Yredelemnul.
  5329 | D:7      | Found a shadowy altar of Dithmenos.
  5382 | D:7      | Found a transporter.
  5395 | D:7      | Noticed bronco's ghost (novice HOFi)
  5395 | D:7      | Noticed a moth of wrath
  5443 | D:7      | Reached skill level 1 in Invocations
  5565 | D:7      | Found a staircase to the Ecumenical Temple.
  5582 | D:7      | Reached skill level 2 in Invocations
  5785 | D:7      | Found a transporter.
  5886 | D:8      | Reached skill level 3 in Invocations
  5973 | D:8      | Reached *** piety under Makhleb
  5987 | D:8      | Reached skill level 4 in Invocations
  6051 | D:8      | Found a staircase to the Lair.
  6177 | D:8      | Found Kumorghoac's Elemental Accessories.
  6265 | D:8      | Reached skill level 5 in Invocations
  6265 | D:8      | Reached XP level 10. HP: 79/91 MP: 12/12
  7220 | D:9      | You are sucked into a shaft and drop 2 floors!
  7222 | D:11     | Noticed a two-headed ogre
  7254 | D:11     | Killed a two-headed ogre
  7255 | D:11     | Reached skill level 6 in Invocations
  7289 | D:10     | Entered Level 10 of the Dungeon
  7316 | D:10     | Noticed Snorg
  7326 | D:10     | Killed Snorg
  7327 | D:10     | Reached skill level 5 in Fighting
  7358 | D:10     | Noticed a smoke demon
  7440 | D:10     | Reached skill level 7 in Invocations
  7516 | D:9      | Noticed a two-headed ogre
  7531 | D:9      | Killed a two-headed ogre
  7615 | D:9      | Reached XP level 11. HP: 84/105 MP: 15/15
  7667 | D:9      | Found a staircase to the Orcish Mines.
  7671 | D:9      | Reached **** piety under Makhleb
  7724 | D:9      | Found a large runed translucent door.
  7730 | D:9      | Found a large runed translucent door.
  7803 | D:9      | Found a flagged portal.
  7818 | Bailey   | Entered a bailey
  7835 | Bailey   | Reached skill level 8 in Invocations
  7895 | Bailey   | Noticed a two-headed ogre
  7907 | Bailey   | Killed a two-headed ogre
  8310 | Lair:1   | Entered Level 1 of the Lair of Beasts
  8354 | Lair:1   | Reached skill level 9 in Invocations
  8693 | Lair:1   | Noticed a seven-headed hydra
  8703 | Lair:1   | Killed a seven-headed hydra
  8810 | Lair:1   | Reached skill level 10 in Invocations
  9277 | Lair:2   | Reached XP level 12. HP: 122/122 MP: 18/18
  9467 | Lair:2   | Noticed a seven-headed hydra
  9470 | Lair:2   | Noticed a four-headed hydra
  9481 | Lair:2   | Killed a seven-headed hydra
  9485 | Lair:2   | Killed a four-headed hydra
  9966 | Lair:3   | Found a transporter.
  9968 | Lair:3   | Noticed a boulder beetle
 10085 | Lair:3   | HP: 39/124 [basilisk (5)]
 10087 | Lair:3   | HP: 16/124 [basilisk (7)]
 10089 | Lair:3   | Reached skill level 11 in Invocations
 10337 | Lair:3   | Found a transporter.
 10345 | Lair:3   | Noticed a death yak
 10346 | Lair:3   | Noticed Axiwiats's ghost (journeyman MiBe)
 10515 | Lair:3   | Found a hole to the Spider Nest.
 10916 | Lair:4   | Found a transporter.
 10917 | Lair:4   | Noticed Yngauck's ghost (journeyman OpBe)
 10918 | Lair:4   | Found a transporter.
 11096 | Lair:4   | Found a transporter.
 11119 | Lair:4   | Found a transporter.
 11120 | Lair:4   | Noticed a boulder beetle
 11120 | Lair:4   | Noticed a boulder beetle
 11120 | Lair:4   | Noticed a boulder beetle
 11133 | Lair:4   | Reached skill level 10 in Fighting
 11414 | Lair:4   | Noticed a death yak
 11418 | Lair:4   | Noticed a seven-headed hydra
 11421 | Lair:4   | Noticed a death yak
 11441 | Lair:4   | Noticed a death yak
 11447 | Lair:4   | Noticed a death yak
 11548 | Lair:4   | Reached skill level 12 in Invocations
 11568 | Lair:4   | Found a staircase to the Swamp.
 11688 | Lair:4   | Found a snail-covered altar of Cheibriados.
 11716 | Lair:4   | Noticed Josephine
 11729 | Lair:4   | Killed Josephine
 11730 | Lair:4   | Reached XP level 13. HP: 136/136 MP: 21/21
 12300 | Lair:5   | Found a staircase to the Slime Pits.
 12724 | Lair:6   | Entered Level 6 of the Lair of Beasts
 12778 | Lair:6   | HP: 39/137 [poisoned by a black mamba]
 12783 | Lair:6   | HP: 24/137 [poisoned by a black mamba]
 12788 | Lair:6   | HP: 29/137 [poisoned by a black mamba]
 12862 | Lair:6   | Reached skill level 13 in Invocations
 13033 | Lair:6   | Reached ***** piety under Makhleb
 13233 | Lair:6   | Found a corrupted altar of Lugonu.
 13233 | Lair:6   | Found a one-way gate to the infinite horrors of the Abyss.
 13245 | Lair:6   | Got Sif Muna's Collected Works on the Mountains and the
                  | Frostbite
 13304 | Lair:6   | HP: 43/140 [thrashing horror (8)]
 13493 | Lair:6   | Reached skill level 14 in Invocations
 13506 | Lair:6   | Reached XP level 14. HP: 117/150 MP: 23/23
 14127 | Lair:6   | Reached skill level 1 in Armour
 14459 | Orc:1    | Entered Level 1 of the Orcish Mines
 14469 | Orc:1    | Noticed Erolcha
 14652 | Orc:1    | Paralysed by an orc sorcerer for 7 turns
 14661 | Orc:1    | HP: 44/138 [orc warrior/+0 glaive (19)]
 14817 | Orc:1    | Cast into level 2 of the Abyss (Erolcha)
 14855 | Orc:1    | Escaped the Abyss
 14860 | Orc:1    | Killed Erolcha
 15233 | Orc:2    | Entered Level 2 of the Orcish Mines
 15233 | Orc:2    | Found a staircase to the Elven Halls.
 15338 | Orc:2    | HP: 42/144 [orc warrior/+0 battleaxe (7)]
 15348 | Orc:2    | HP: 47/144 [sixfirhy[an orc high priest] (10)]
 15349 | Orc:2    | HP: 21/144 [sixfirhy[an orc high priest] (12)]
 15861 | Orc:2    | Noticed Sonja
 15874 | Orc:2    | Killed Sonja
 15875 | Orc:2    | Reached skill level 15 in Invocations
 15882 | Orc:2    | Found Liucvior's Book Shop.
 15882 | Orc:2    | Found Pobestrog's Jewellery Shoppe.
 15971 | Orc:2    | Found Usiutsod's Antique Weapon Shop.
 15971 | Orc:2    | Found Icoryoc's Jewellery Shoppe.
 16737 | D:10     | Noticed Nergalle
 16753 | D:10     | Killed Nergalle
 16892 | D:10     | Noticed Joseph
 16906 | D:10     | Killed Joseph
 17098 | D:10     | Noticed Fannar
 17129 | D:10     | HP: 41/150 [Fannar/bolt of cold (22)]
 17131 | D:10     | HP: 12/150 [ice beast[Fannar] (12)]
 17132 | D:10     | Killed Fannar
 17133 | D:10     | Reached skill level 5 in Armour
 18103 | D:12     | Noticed Rupert
 18113 | D:12     | Killed Rupert
 18145 | D:12     | Noticed Coron's ghost (journeyman DDEE)
 18153 | D:12     | Found a transporter.
 18239 | D:12     | Reached XP level 15. HP: 149/161 MP: 25/25
 18258 | D:12     | Found a hazy altar of Hepliaklqana.
 18368 | D:12     | Found a transporter.
 18372 | D:12     | Identified the +5 whip of the Eleven Scars {vorpal, rN+
                  | rCorr Int-4 SInv}
 18404 | D:12     | Noticed Gastronok
 18413 | D:12     | Killed Gastronok
 18694 | D:12     | Reached skill level 16 in Invocations
 18817 | D:13     | Found an ancient bone altar of Kikubaaqudgha.
 19137 | D:13     | Found a gate to the Vaults.
 19521 | D:13     | Reached skill level 1 in Shields
 19677 | D:14     | Noticed Agnes
 19687 | D:14     | HP: 42/162 [Agnes/+2 spectral lajatang (17)]
 19688 | D:14     | Killed Agnes
 20113 | Swamp:1  | Entered Level 1 of the Swamp
 20258 | Swamp:1  | Noticed a fenstrider witch
 20269 | Swamp:1  | Killed a fenstrider witch
 20376 | Swamp:1  | Noticed Kirke
 20447 | Swamp:1  | Killed Kirke
 20448 | Swamp:1  | Reached skill level 5 in Shields
 20466 | Swamp:1  | HP: 49/162 [alligator[an alligator] (18)]
 20469 | Swamp:1  | HP: 19/162 [alligator[an alligator] (6)]
 20470 | Swamp:1  | HP: 3/162 [alligator[an alligator] (9)]
 20536 | Swamp:1  | HP: 51/162 [swamp worm (19)]
 20537 | Swamp:1  | HP: 22/162 [alligator[an alligator] (19)]
 21210 | Swamp:2  | Found an ancient bone altar of Kikubaaqudgha.
 21341 | Swamp:2  | Reached XP level 16. HP: 171/171 MP: 27/27
 21675 | Swamp:2  | HP: 53/171 [poisoned by a swamp dragon (poison gas)]
 21678 | Swamp:2  | HP: 18/171 [poisoned by a swamp dragon (poison gas)]
 21971 | Swamp:2  | HP: 46/172 [spriggan rider/+0 spear (14)]
 21976 | Swamp:2  | HP: 39/172 [eleionoma/spray of wooden splinters (21)]
 21982 | Swamp:2  | HP: 25/172 [spriggan rider/+0 spear (12)]
 21982 | Swamp:2  | HP: 7/172 [eleionoma (18)]
 22458 | Swamp:2  | Noticed a tentacled monstrosity
 22476 | Swamp:2  | Killed a tentacled monstrosity
 22485 | Swamp:2  | Noticed a thorn hunter
 22485 | Swamp:2  | HP: 55/172 [ghoul (10)]
 22502 | Swamp:2  | Killed a thorn hunter
 22929 | Swamp:3  | HP: 57/174 [seven-headed hydra (1)]
 22936 | Swamp:2  | HP: 42/174 [seven-headed hydra (12)]
 22940 | Swamp:2  | HP: 17/174 [eight-headed hydra (12)]
 22940 | Swamp:2  | HP: 6/174 [eight-headed hydra (11)]
 22940 | Swamp:2  | Mangled by an eight-headed hydra

Illustrated notes

Levels and vault maps discovered:
D:1:      mrwooster_arrival_statue_2, layout_basic,
          ebering_ecumenical_altar_ruins, minmay_tiny_reverse_x
D:2:      layout_basic, serial_shops, nicolae_square_shop
D:3:      cheibrodos_pilgrimage, layout_basic, ashenzari_conservatory_becter,
          mainiacjoe_overflow_alcove_1, uniq_ijyb
D:4:      layout_cave_pools, kennysheep_mini, gup_sewer_entry_glass,
          gammafunk_ghost_necromancy, skrybe_limestone_x, uniq_sigmund,
          uniq_menkaure, uniq_duvessa
D:5:      layout_basic, lemuel_tele_altar, gammafunk_ghost_gnarly_gnolls,
          minmay_checkerbox, uniq_edmund
D:6:      layout_rooms, mainiacjoe_overflow_alcove_4, gammafunk_ghost_split,
          hangedman_decor_growths
D:7:      layout_cave_pools, nicolae_dithmenos_through_a_glass_darkly,
          minmay_temple_entry_crystal_x, gammafunk_ghost_berserking_beasts
D:8:      layout_layer_cave, erik_lair_orcish_takeover, minmay_crystal_room,
          kennysheep_diamond, nicolae_elemental_shop
D:9:      layout_rooms, jmf_multi_god_temple2, minmay_orc_entry_temple_small,
          enter_bailey_4
D:10:     layout_irregular_city, uniq_nergalle, uniq_fannar, uniq_snorg,
          uniq_joseph
D:11:     layout_rooms, introduction_to_nature_1
D:12:     layout_big_octagon, nzn_ghost_randoct,
          nicolae_hepliaklqana_hazy_memory, uniq_rupert, uniq_gastronok
D:13:     layout_loops_ring, david_vaults_4, corexii_leaking_fountain,
          st_stairs_6, grunt_decor_mini_mirrors, nrook_mini_backslash,
          kennysheep_path_1, kiku_gazebo_garden_becter
D:14:     layout_small_grid, serial_shops, shop_coins, uniq_agnes, uniq_nessos
Lair:1:   layout_roguey, grunt_megastairs_1
Lair:2:   layout_long_grid, minivault_27
Lair:3:   layout_roguey, hellmonk_spider_entry_not_the_bees,
          gammafunk_ghost_arena, kennysheep_basilisk_garden
Lair:4:   gammafunk_boulding_lane, layout_regular_city,
          nicolae_swamp_entry_splash_gauntlet, gammafunk_ghost_hive,
          basic_altar, st_stairs_7, beast_lair_carwin_10,
          infiniplex_staircase_pool, uniq_josephine
Lair:5:   layout_misc_corridors, minmay_slime_entry_pillars, grunt_megastairs_2
Lair:6:   hellmonk_lair_end_abyssal_woods, layout_cave_pods,
          serial_bayou_pond_b, lemuel_fruit_tree
Swamp:1:  layout_falls_marsh, nicolae_swamp_some_circles, uniq_kirke
Swamp:2:  nzn_winding_woodlands_medium [nzn_winding_woodlands_5x5_checkerboard,
          nzn_winding_woodlands_5x15_garden,
          nzn_winding_woodlands_5x5_closed_star,
          nzn_winding_woodlands_5x5_cross, nzn_winding_woodlands_center_garden,
          nzn_winding_woodlands_hourglass, nzn_winding_woodlands_5x5_open_star,
          nzn_winding_woodlands_5x15_concentric,
          nzn_winding_woodlands_5x5_default], layout_basic_swamp,
          evilmike_swamp_ruin_rubble_1, swamp_pool2, grunt_ruined_hall
Swamp:3:  layout_basic_swamp, basic_altar, swamp_pool3,
          infiniplex_staircase_pool_2
Orc:1:    layout_caves, basic_altar, uniq_erolcha
Orc:2:    st_orc_town, layout_caves, portal_ice_cave_entry_pillars_1, uniq_sonja

Skill      XL: |  1  2  3  4  5  6  7  8  9 10 11 12 13 14 15 16 |
---------------+-------------------------------------------------+-----
Unarmed Combat | 1 2 3 4 6 7 9 11 12 14 | 14.0
Invocations    | 5 7 10 12 14 15 16 | 16.0
Fighting       | 3 6 8 10 12 13 14 | 14.3
Armour         | 5 |  5.2
Shields        | 6 8 |  8.8
Short Blades   | |  1.5
Throwing       | |  1.8
Dodging        | |  0.7
Stealth        | |  2.1

Action                   |  1- 3 |  4- 6 |  7- 9 | 10-12 | 13-15 | 16-18 || total
-------------------------+-------+-------+-------+-------+-------+-------++-------
Melee: Unarmed           |    67 |   160 |   262 |   476 |  1114 |   197 ||  2276
       Punch             |       |     3 |     9 |    30 |    84 |       ||   126
Throw: Dart              |       |     8 |     3 |     1 |       |       ||    12
       Boomerang         |       |       |       |       |     4 |       ||     4
Invok: Minor Destruction |       |       |    26 |    31 |    61 |    43 ||   161
       Lesser Servant of |       |       |       |    18 |    58 |     5 ||    81
Evoke: Wand              |       |       |       |       |       |     2 ||     2
  Use: Scroll            |       |       |    14 |    10 |     9 |     1 ||    34
       Potion            |       |       |       |       |     1 |     2 ||     3
 Stab: Sleeping          |     3 |       |     1 |     1 |       |       ||     5
       Distracted        |       |       |       |     4 |     5 |       ||     9
       Confused          |       |       |       |       |     1 |       ||     1
       Invisible         |       |       |       |       |     1 |       ||     1
Armor: Robe              |    20 |    50 |    77 |    15 |       |       ||   162
       Troll leather arm |       |       |       |   221 |   565 |    99 ||   885
Dodge: Dodged            |    34 |    68 |    78 |   201 |   448 |    68 ||   897
Block: Kite shield       |       |       |       |       |   120 |    83 ||   203
